 Dungeon Crawl Stone Soup version 0.31-a0-1202-ga8fea8b373 (webtiles) character file.

Game seed: 9087682748950182306

2 Arzdou the Firebug (level 1, 11/11 HPs)
             Began as an Octopode Fire Elementalist on Dec 12, 2023.
             Was a Follower of Trog.
             Quit the game on level 1 of the Dungeon.
             The game lasted 00:00:23 (306 turns).

Arzdou the Firebug (Octopode Fire Elementalist)      Turns: 306, Time: 00:00:24

Health: 11/11      AC:  1    Str:  7    XL:     1   Next: 40%
Magic:  3/3        EV: 13    Int: 17    God:    Trog [*.....]
Gold:   34         SH:  0    Dex: 12    Spells: 3/4 levels left

rFire   . . .        (no weapon)
rCold   . . .        (no shield)
rNeg    . . .        (helmet restricted)
rPois   .            (no amulet)
rElec   .            (no ring)
rCorr   .            (no ring)
SInv    .            (no ring)
Will    .....        (no ring)
Stlth   +++          (no ring)
HPRegen 0.21/turn    (no ring)
MPRegen 0.08/turn    (no ring)
                     (no ring)

%: no passive effects
@: no status effects
A: almost no armour, amphibious, 8 rings, camouflage 1, gelatinous body 1,
(nimble swimmer 1), tentacles
a: Renounce Religion, Berserk


You were on level 1 of the Dungeon.
You worshipped Trog.
Trog was aware of your devotion.
You visited 1 branch of the dungeon, and saw 1 of its levels.

You collected 34 gold pieces.

Inventory:

Scrolls
 b - a scroll of blinking {unknown}
 c - a scroll of silence {unknown}
Potions
 a - a potion of magic


   Skills:
 - Level 2.0 Dodging
 - Level 2.7 Stealth
 - Level 2.0 Spellcasting
 - Level 1.1 Conjurations
 - Level 3.0 Fire Magic


You had 3 spell levels left.
You knew the following spells:

 Your Spells              Type           Power      Damage    Failure   Level
a - Foxfire               Conj/Fire      32%        2x1d5     9%          1

Your spell library contained the following spells:

 Spells                   Type           Power      Damage    Failure   Level
 Scorch                   Fire           24%        2d6       9%          2
 Apportation              Tloc           2%         N/A       19%         1
 Jinxbite                 Hex            2%         N/A       28%         2
 Inner Flame              Hex/Fire       6%         N/A       30%         3
 Volatile Blastmotes      Fire/Tloc      12%        2d11      30%         3
 Flame Wave               Conj/Fire      8%         2d5       63%         4
 Alistair's Intoxication  Tmut/Pois      0%         N/A       99%         5


Dungeon Overview and Level Annotations

Branches:
Dungeon (1/15)

Altars:
Trog


Innate Abilities, Weirdness & Mutations

You cannot wear most types of armour.
You are amphibious.
You can wear up to eight rings at the same time.
Your skin changes colour to match your surroundings (Stealth+).
Your rubbery body absorbs attacks. (AC +1, EV +1)
((You are camouflaged when in or above water. (Stealth+)))
You have tentacles for arms and can constrict up to eight enemies at once.


Message History

The hobgoblin hits you but does no damage.
You tentacle-slap the hobgoblin.
You kill the hobgoblin!
You open the door.
Found a stone staircase leading down.
There is an open door here.
You open the door.
There is an open door here.
There is a stone staircase leading down here.
A frilled lizard comes into view.
Found a scroll labelled LEB LUREPN.
A frilled lizard is nearby!
Found a ring mail.
You miscast Foxfire.
You are very lightly contaminated with residual magic.
Nothing appears to happen.
You conjure some foxfire!
The frilled lizard hisses angrily.
A frilled lizard is nearby!
The foxfire hits the frilled lizard.
The frilled lizard is heavily wounded.
The foxfire hits the frilled lizard.
You kill the frilled lizard!
No target in view!
No target in view!
Your magical contamination has completely faded away.
b - a scroll labelled LEB LUREPN You now have 34 gold pieces (gained 10).
c - a scroll labelled PEUGAE ZUXAS You pick up a book of Party Tricks and begin reading...
You add the spells Apportation, Jinxbite and Alistair's Intoxication to your library.
Found a faded altar of an unknown god.
Found 4 stones.
There is a stone staircase leading down here.
There is a faded altar of an unknown god here.
This altar belongs to (a) Xom, (b) Trog or (c) Jiyva, but you can't tell which.
Press the corresponding letter to learn more about a god, or press enter to convert or escape to cancel.
Trog accepts your prayer! Trog welcomes you!
You can now go berserk at will.
Are you sure you want to abandon this character and quit the game? (Confirm with "yes".)

.# #.......##>..###
.# #..............#
.###........##.##.#
............##.##.#
.###........##....#
..##........####..#
#.##.#####...###§§#
#.##.# #........§.#
.....# #.#####.§@§#
#.######.##.......#
#.# #.....##§...#
#.#####...###..####
#..............#
################


There were no monsters in sight!

Vanquished Creatures
  A hobgoblin (D:1)
  A bat (D:1)
  A frilled lizard (D:1)
3 creatures vanquished.

Vanquished Creatures (others)
  6 foxfires (D:1)
6 creatures vanquished.

Grand Total: 9 creatures vanquished

Notes
Turn   | Place    | Note
-------+----------+-------------------------------------------
     0 | D:1      | Arzdou the Octopode Fire Elementalist began the quest for
                  | the Orb.
     0 | D:1      | Reached XP level 1. HP: 11/11 MP: 3/3
   249 | D:1      | Found a faded altar of an unknown god.
   305 | D:1      | Prayed at the altar of an unknown god.
   305 | D:1      | Became a worshipper of Trog the Wrathful
   305 | D:1      | Reached * piety under Trog
   306 | D:1      | Quit the game

Illustrated notes

Levels and vault maps discovered:
D:1:      nicolae_arrival_somewhat_less_tricky_arrival, layout_loops_cross,
          ebering_ecumenical_altar_mist, chequers_decorated_corner

Action                     || total
---------------------------++-------
  Melee: Unarmed           ||     4
         Constrict         ||     1
         Tentacles         ||     1
   Cast: Foxfire           ||     3
 Armour: Skin              ||     1
  Dodge: Dodged            ||     2

Table legend: (Time is in decaauts)
 A = Elapsed time spent in this place.
 B = Non-inter-level travel time spent in this place.
 C = Inter-level travel time spent in this place.
 D = Time resting spent in this place.
 E = Time spent auto-exploring this place.
 F = Levels seen in this place.
 G = Mean time per level.
                   A        B        C        D        E       F      G
               +--------+--------+--------+--------+--------+-----+--------+
         Total |    306 |    283 |     23 |      0 |    259 |   1 |  306.0 |
       Dungeon |    306 |    283 |     23 |      0 |    259 |   1 |  306.0 |
               +--------+--------+--------+--------+--------+-----+--------+

Top non-repeatable levels by time:
     D:1: 306 daAuts
